Map: Fields of Shazir

Players

GanonPuffs

  • Race: Terran Terran
  • League: Silver
  • Spawn Location: 5:00

CowzGoMoo

  • Race: Protoss Protoss
  • League: Platinum
  • Spawn Location: 3:00

ALMIGHTYme

  • Race: Zerg Zerg
  • League: Gold
  • Spawn Location: 3:00

BlackNova

  • Race: Terran Terran
  • Spawn Location: 7:00

Kswiss

  • Race: Protoss Protoss
  • League: Silver
  • Spawn Location: 9:00

Metasapien

  • Race: Zerg Zerg
  • League: Platinum
  • Spawn Location: 9:00

VOD

Have the link to the VOD?

Description

Time

  • Played on: Sept. 22, 2017, 9:24 p.m.
  • Length: 17:10
Show
View Real Time Build Order
Export as new Build Order

GanonPuffs Terran 

Build Orders:  

Get SALT Encoding   

  12  0:01  SCV  
  13  0:13  SCV  
  14  0:24  Supply Depot  
  14  0:25  SCV  
  15  0:46  SCV  
  15  0:49  Barracks  
  16  0:58  SCV  
  17  1:06  Supply Depot  
  17  1:10  SCV  
  18  1:26  Refinery  
  18  1:35  Supply Depot  
  18  1:46  Command Center  
  18  1:50  Orbital Command  
  18  2:08  Barracks  
  18  2:15  Refinery  
  18  2:19  Barracks Reactor  
  18  2:27  SCV  
  19  2:39  SCV  
  20  2:51  SCV  
  21  2:58  Factory  
  21  2:59  Barracks Tech Lab  
  21  3:00  Orbital Command  
  21  3:03  SCV  
  22  3:15  SCV  
  22  3:16  Marine x2  
  20  3:31  Marauder  
  18  3:46  Marine x2  
  18  3:47  SCV x2  
  22  3:57  Marine  
  23  4:04  SCV, Marine  
  23  4:15  Marauder  
  25  4:17  SCV  
  26  4:25  Orbital Command  
  26  4:29  SCV  
  27  4:37  Marauder  
  29  4:40  Marine  
  29  4:41  Marine  
  31  4:58  Marauder, Marine x2  
  35  5:00  Starport  
  35  5:09  SCV  
  36  5:16  Marine x2  
  36  5:17  SCV  
  36  5:19  Marine  
  36  5:20  Factory Tech Lab  
  40  5:25  SCV  
  41  5:34  Marine x2  
  43  5:37  Stimpack, Marine  
  43  5:42  Engineering Bay  
  44  5:45  SCV x2  
  46  5:52  Starport Reactor, Marine x2  
  46  5:54  Marine  
  49  5:57  SCV x2  
  51  6:10  Marine x2  
  53  6:12  Marine  
  54  6:20  Terran Infantry Weapons Level 1  
  54  6:23  Supply Depot  
  54  6:43  Siege Tank, SCV x2, Marine x3  
  62  6:48  Supply Depot  
  62  6:50  Supply Depot  
  62  7:00  Medivac  
  62  7:01  Marine x3  
  67  7:12  Medivac  
  67  7:15  Refinery, Siege Tank  
  72  7:18  Marine x3  
  72  7:20  SCV  
  72  7:21  SCV  
  77  7:36  Marine x3  
  75  7:54  Marine x3  
  60  8:12  Marine x3  
  58  8:30  Marine x3  
  61  8:35  Siege Tank  
  61  8:36  Medivac x2  
  68  8:47  Marine x2  
  68  8:48  Marine  
  69  9:05  Marine x3  
  69  9:07  Siege Tank  
  66  9:22  SCV x2  
  66  9:23  Marine x3  
  70  9:33  Supply Depot  
  70  9:34  SCV  
  70  9:36  Command Center  
  68  9:39  Siege Tank  
  68  9:41  Marine x3  
  74  9:59  Marine x3  
  70  10:17  Marine x3  
  69  10:34  Marine x3  
  71  10:52  Marine x3  
  71  10:55  Barracks  
  71  10:56  SCV  
  75  11:01  Refinery  
  72  11:10  Marine x3  
  72  11:23  SCV x2  
  74  11:28  Marine x3  
  73  11:46  Marine x3  
  76  12:03  Marine x3  
  76  12:05  SCV  
  76  12:06  SCV  
  81  12:08  SCV  
  82  12:18  SCV x2  
  82  12:21  Barracks Reactor, SCV, Marine x3  
  82  12:22  Barracks  
  87  12:30  SCV x2  
  87  12:33  SCV  
  90  12:39  Marine x3  
  90  12:41  Armory  
  90  12:42  SCV x2  
  95  12:45  SCV  
  96  12:52  Siege Tank, Liberator x2  
  96  12:54  SCV  
  96  12:57  Marine x3  
  103  13:01  Armory  
  103  13:05  Engineering Bay  
  103  13:07  Terran Infantry Armor Level 1  
  103  13:11  Barracks Reactor  
  109  13:17  Starport  
  109  13:52  Terran Vehicle And Ship Armor Level 1  
  109  13:53  Terran Vehicle Weapons Level 1  
  109  13:55  Starport Tech Lab  
  109  14:02  Fusion Core  
  109  14:06  Refinery  
  109  14:11  Terran Infantry Weapons Level 2  
  109  14:16  Refinery  
  109  14:30  Medivac, Thor, Marine x7  
  124  14:47  Marine x2  
  124  14:48  Marine x5  
  131  15:05  Marine x2  
  131  15:06  Marine x5  
  138  15:12  Thor  
  144  15:23  Marine x2  
  144  15:24  Marine x5  
  99  15:41  Marine x5  
  99  15:42  Marine x2  
  89  15:55  Thor  
  95  15:57  SCV x3  
  95  15:59  Marine x5  
  95  16:00  Marine x2  
  105  16:09  SCV x3  
  108  16:16  Marine x2  
  108  16:17  Marine x3  
  108  16:18  Marine x2  
  115  16:21  SCV x2  
  115  16:22  Command Center  
  112  16:34  Marine x2  
  112  16:35  Marine x3  
  112  16:36  Marine x2  
  117  16:52  Marine x2  
Show
View Real Time Build Order
Export as new Build Order

CowzGoMoo Protoss 

Build Orders: Oracle Opening 

Get SALT Encoding   

  12  0:01  Probe (Chrono Boost)  
  13  0:11  Probe (Chrono Boost)  
  14  0:19  Pylon  
  14  0:22  Probe (Chrono Boost)  
  15  0:38  Probe (Chrono Boost)  
  15  0:39  Gateway  
  16  0:46  Assimilator  
  16  0:48  Probe (Chrono Boost)  
  17  0:59  Probe (Chrono Boost)  
  17  1:01  Assimilator  
  18  1:09  Probe (Chrono Boost)  
  19  1:20  Probe (Chrono Boost)  
  20  1:26  Cybernetics Core  
  20  1:29  Pylon  
  20  1:30  Probe (Chrono Boost)  
  21  1:41  Probe (Chrono Boost)  
  22  1:51  Probe (Chrono Boost)  
  23  1:57  Zealot  
  25  2:02  Probe (Chrono Boost), Stargate  
  26  2:08  Pylon  
  26  2:12  Probe (Chrono Boost)  
  27  2:18  Pylon  
  27  2:23  Probe (Chrono Boost)  
  27  2:27  Stargate  
  28  2:34  Probe (Chrono Boost)  
  29  2:38  Zealot  
  32  2:44  Probe (Chrono Boost)  
  32  2:48  Oracle  
  35  2:55  Probe (Chrono Boost)  
  36  3:05  Zealot  
  38  3:11  Oracle  
  41  3:29  Probe (Chrono Boost)  
  42  3:37  Oracle (Chrono Boost)  
  45  3:48  Probe (Chrono Boost)  
  46  3:56  Forge  
  46  3:59  Probe, Pylon  
  47  4:08  Pylon  
  47  4:09  Pylon  
  47  4:18  Probe, Zealot  
  47  4:21  Phoenix (Chrono Boost)  
  52  4:30  Probe, Protoss Shields Level 1  
  51  4:42  Probe  
  48  4:57  Phoenix (Chrono Boost)  
  50  5:12  Pylon  
  50  5:17  Pylon  
  50  5:20  Nexus  
  50  5:22  Pylon  
  50  5:25  Mothership Core  
  52  5:47  Probe  
  53  5:59  Probe  
  51  6:11  Probe  
  52  6:16  Phoenix (Chrono Boost)  
  48  6:23  Probe  
  49  6:31  Probe  
  49  6:35  Probe  
  51  6:42  Probe (Chrono Boost), Photon Cannon  
  51  6:46  Photon Cannon  
  52  6:47  Probe (Chrono Boost)  
  52  6:51  Photon Cannon  
  52  6:54  Probe (Chrono Boost)  
  54  6:55  Photon Cannon, Protoss Air Armor Level 1  
  54  6:59  Probe (Chrono Boost)  
  55  7:04  Probe (Chrono Boost)  
  56  7:09  Probe (Chrono Boost)  
  56  7:15  Probe (Chrono Boost)  
  58  7:17  Phoenix x2  
  58  7:20  Probe (Chrono Boost)  
  58  7:21  Assimilator  
  63  7:25  Probe (Chrono Boost)  
  63  7:26  Assimilator  
  64  7:30  Probe (Chrono Boost)  
  64  7:36  Probe (Chrono Boost)  
  66  7:41  Probe (Chrono Boost)  
  67  7:47  Probe (Chrono Boost)  
  64  7:51  Probe (Chrono Boost)  
  64  7:57  Probe (Chrono Boost)  
  56  8:02  Probe (Chrono Boost)  
  57  8:07  Phoenix x2  
  57  8:11  Probe (Chrono Boost)  
  63  8:12  Probe (Chrono Boost)  
  63  8:22  Probe (Chrono Boost)  
  63  8:23  Probe (Chrono Boost)  
  65  8:30  Gateway  
  65  8:31  Zealot  
  65  8:32  Probe (Chrono Boost), Phoenix  
  65  8:33  Probe (Chrono Boost), Gateway  
  71  8:35  Gateway  
  71  8:49  Protoss Air Weapons Level 1  
  71  8:54  Phoenix  
  73  8:58  Zealot  
  75  9:16  Phoenix (Chrono Boost)  
  77  9:19  Probe x2 (Chrono Boost), Phoenix (Chrono Boost)  
  77  9:24  Zealot x3  
  85  9:25  Zealot  
  85  9:30  Probe  
  90  9:40  Phoenix (Chrono Boost)  
  90  9:42  Phoenix (Chrono Boost)  
  94  9:51  Zealot  
  92  9:52  Zealot  
  92  10:09  Phoenix x2 (Chrono Boost)  
  96  10:20  Zealot  
  98  10:28  Fleet Beacon  
  98  10:30  Stargate  
  98  10:31  Phoenix x2 (Chrono Boost)  
  96  11:24  Carrier (Chrono Boost)  
  96  11:25  Carrier (Chrono Boost)  
  104  11:31  Probe x2  
  104  11:32  Zealot x2  
  110  11:37  Graviton Catapult  
  110  12:38  Zealot  
  110  12:50  Protoss Ground Armor Level 1  
  110  12:52  Protoss Air Weapons Level 2  
  110  13:07  Pylon  
  110  13:09  Pylon  
  110  13:10  Pylon  
  110  13:12  Pylon  
  110  13:14  Pylon  
  110  13:15  Pylon  
  110  13:17  Pylon  
  110  13:25  Zealot  
  110  13:26  Carrier (Chrono Boost)  
  124  13:27  Zealot x2  
  124  13:30  Phoenix (Chrono Boost)  
  130  13:35  Carrier (Chrono Boost)  
  128  13:41  Nexus  
  118  13:52  Phoenix (Chrono Boost)  
  120  14:08  Pylon  
  120  14:10  Probe x2, Pylon  
  120  14:15  Carrier (Chrono Boost)  
  128  14:22  Probe  
  129  14:28  Twilight Council  
  129  14:41  Carrier (Chrono Boost)  
Show
View Real Time Build Order
Export as new Build Order

ALMIGHTYme Zerg 

Build Orders: Pool First 

Get SALT Encoding   

  12  0:01  Drone  
  13  0:14  Overlord  
  13  0:18  Drone  
  14  0:33  Drone x2  
  16  0:37  Drone  
  17  0:47  Drone  
  18  0:53  Spawning Pool  
  17  0:58  Drone  
  18  1:05  Extractor  
  18  1:08  Drone  
  18  1:19  Drone  
  19  1:28  Evolution Chamber  
  19  1:30  Drone  
  19  1:43  Spine Crawler  
  18  1:51  Zergling x2  
  18  1:52  Queen  
  21  1:55  Zergling x2  
  22  2:03  Overlord  
  22  2:11  Spine Crawler  
  21  2:17  Drone  
  22  2:24  Spore Crawler  
  22  2:25  Drone  
  22  2:33  Lair  
  22  2:36  Drone, Extractor  
  22  2:49  Drone  
  23  3:00  Spore Crawler  
  23  3:02  Drone, Hatchery  
  23  3:03  Drone  
  23  3:06  Drone  
  23  3:08  Drone  
  25  3:26  Zergling x2  
  26  3:28  Drone  
  27  3:42  Hydralisk Den  
  27  3:45  Overlord x3  
  27  3:46  Drone  
  27  3:55  Zerg Ground Armor Level 1  
  27  4:01  Overlord  
  27  4:07  Drone  
  28  4:14  Drone  
  29  4:18  Queen  
  31  4:39  Spine Crawler  
  31  4:43  Drone x2  
  31  4:44  Drone  
  31  4:45  Hydralisk  
  33  4:51  Roach Warren  
  34  4:53  Drone  
  34  4:54  Drone  
  34  4:58  Drone  
  37  5:01  Drone  
  37  5:03  Drone  
  37  5:06  Extractor  
  38  5:08  Drone  
  38  5:09  Extractor  
  38  5:21  Spore Crawler  
  37  5:22  Drone x2  
  39  5:31  Roach  
  39  5:32  Roach x3  
  39  5:34  Roach  
  46  5:58  Roach  
  46  5:59  Roach x2  
  52  6:04  Hydralisk  
  52  6:05  Hydralisk  
  56  6:13  Drone x6  
  56  6:17  Drone x2  
  64  6:32  Zerg Missile Weapons Level 1  
  65  6:47  Drone x3  
  65  6:52  Overlord x3  
  67  7:07  Overlord x2  
  67  7:08  Overlord  
  67  7:09  Queen, Hatchery  
  67  7:13  Drone x2  
  70  7:27  Metabolic Boost  
  70  7:34  Drone x2  
  71  8:17  Hydralisk x5  
  71  8:18  Hydralisk x4  
  87  8:38  Hydralisk x2  
  86  9:05  Drone x2  
  86  9:06  Drone x4  
  85  9:25  Drone  
  85  9:26  Drone  
  87  9:31  Drone x2  
  87  9:32  Drone, Queen  
  80  9:49  Zergling x2, Roach  
  80  9:50  Roach x4  
  85  10:19  Hydralisk x4, Roach x4  
  85  10:20  Hydralisk x3  
  107  10:37  Hydralisk x5  
  107  10:38  Hydralisk  
  111  10:53  Hydralisk x5  
  111  10:55  Hydralisk  
  119  10:57  Overlord x2  
  119  11:17  Hydralisk  
  119  11:18  Hydralisk x5  
  129  11:36  Extractor  
  129  11:38  Extractor  
  127  12:03  Roach x5  
  127  12:05  Overlord x6  
  138  12:08  Drone  
  138  12:09  Overlord x2  
  138  12:10  Overlord  
  138  12:28  Hydralisk x4  
  146  12:32  Zerg Ground Armor Level 2  
  146  12:34  Muscular Augments  
  146  12:41  Roach x2  
  146  12:42  Roach x6  
  162  12:54  Roach  
  162  12:55  Roach x6  
  162  12:56  Roach  
  178  12:59  Roach x3  
  183  13:18  Roach x2  
  183  13:19  Roach x3  
  191  13:41  Roach x4  
  199  14:13  Overlord, Hatchery  
  199  14:14  Overlord x2  
  198  14:26  Hydralisk  
  198  14:48  Zerg Melee Weapons Level 1  
  192  14:57  Overlord x4  
  192  14:58  Overlord x5  
  192  15:18  Hydralisk x3  
  192  15:19  Hydralisk  
  184  15:24  Hydralisk x2  
  186  15:39  Hydralisk x2  
  132  16:34  Roach x2  
  132  16:35  Roach x4  
  146  16:55  Drone x2  
  146  16:56  Drone x2  
Show
View Real Time Build Order
Export as new Build Order

BlackNova Terran 

Build Orders:  

Get SALT Encoding   

  12  0:01  SCV  
  13  0:13  SCV  
  14  0:27  Supply Depot  
  14  0:30  SCV  
  15  0:47  Refinery  
  15  0:49  SCV  
  16  0:57  Barracks  
  16  1:02  SCV  
  17  1:15  SCV  
  17  1:17  Barracks  
  18  1:24  Refinery  
  18  1:30  SCV  
  19  1:44  Orbital Command  
  19  1:45  Supply Depot  
  19  1:55  Reaper  
  20  2:10  Supply Depot  
  20  2:14  Reaper  
  21  2:22  Supply Depot  
  21  2:27  Reaper  
  22  2:32  SCV  
  23  2:40  Engineering Bay  
  23  2:48  Factory  
  23  2:49  SCV  
  24  3:01  SCV  
  25  3:13  SCV  
  26  3:48  SCV  
  27  3:51  Starport  
  27  3:53  Factory Tech Lab, Starport  
  27  3:58  Missile Turret  
  27  4:00  SCV  
  28  4:12  SCV  
  28  4:13  Missile Turret  
  29  4:51  Viking x2  
  31  4:54  Missile Turret  
  31  4:56  Hi-Sec Auto Tracking  
  30  5:02  Missile Turret  
  30  5:09  Fusion Core  
  30  5:28  Command Center  
  36  6:18  Battlecruiser  
  36  6:21  SCV, Supply Depot  
  37  6:33  Factory Tech Lab, SCV  
  38  6:40  Orbital Command  
  38  6:43  Refinery  
  38  6:45  SCV  
  39  6:56  Siege Tank  
  39  6:57  SCV  
  43  7:03  Refinery  
  43  7:13  Starport Tech Lab  
  39  7:24  SCV  
  40  7:34  Siege Tank  
  40  7:36  SCV  
  44  7:48  Marine x2  
  44  7:49  SCV  
  47  8:01  SCV  
  45  8:05  Marine  
  45  8:06  Marine  
  47  8:13  SCV  
  46  8:21  Siege Tank  
  46  8:23  Marine x2  
  48  8:29  Battlecruiser  
  52  8:38  SCV  
  53  8:41  Marine x2  
  53  8:42  Supply Depot  
  53  8:43  Supply Depot  
  53  8:50  SCV  
  53  8:53  Siege Tank  
  57  8:59  Marine  
  57  9:02  SCV  
  57  9:14  SCV  
  50  9:19  Battlecruiser  
  57  9:25  Siege Tank  
  57  9:46  Battlecruiser  
  42  10:11  Siege Tank  
  42  10:14  Supply Depot  
  42  10:15  Supply Depot  
  33  10:44  Siege Tank  
  15  11:08  SCV  
Show
View Real Time Build Order
Export as new Build Order

Kswiss Protoss 

Build Orders: Oracle Opening 

Get SALT Encoding   

  12  0:01  Probe (Chrono Boost)  
  13  0:12  Probe (Chrono Boost)  
  14  0:22  Pylon  
  15  0:28  Probe (Chrono Boost)  
  15  0:40  Probe (Chrono Boost)  
  16  0:48  Gateway  
  16  0:51  Probe (Chrono Boost)  
  16  0:56  Forge  
  17  1:01  Assimilator  
  17  1:03  Probe (Chrono Boost)  
  18  1:14  Probe (Chrono Boost)  
  19  1:19  Pylon  
  19  1:27  Probe (Chrono Boost)  
  20  1:38  Probe (Chrono Boost)  
  21  1:50  Cybernetics Core  
  21  1:52  Photon Cannon  
  21  1:55  Pylon  
  21  2:09  Cybernetics Core  
  21  2:17  Pylon  
  21  2:20  Probe (Chrono Boost)  
  22  2:29  Stargate  
  22  2:30  Probe (Chrono Boost)  
  22  2:32  Assimilator  
  22  2:34  Pylon  
  23  2:37  Photon Cannon  
  23  2:46  Photon Cannon  
  23  3:11  Nexus  
  23  3:16  Stalker (Chrono Boost)  
  25  3:30  Pylon  
  25  3:40  Oracle (Chrono Boost)  
  28  3:53  Probe  
  29  4:13  Stargate  
  29  4:20  Pylon  
  29  4:23  Photon Cannon  
  29  4:29  Photon Cannon  
  29  4:31  Pylon  
  29  4:34  Photon Cannon  
  29  4:35  Probe  
  30  4:42  Mothership Core  
  32  4:45  Probe  
  33  4:56  Probe  
  33  4:59  Void Ray (Chrono Boost)  
  38  5:16  Probe  
  39  5:22  Assimilator  
  39  5:24  Assimilator  
  39  5:26  Probe  
  40  5:37  Probe  
  41  5:48  Probe  
  42  5:58  Probe  
  43  6:05  Phoenix (Chrono Boost)  
  43  6:07  Phoenix (Chrono Boost)  
  47  6:11  Stargate  
  47  6:17  Protoss Air Weapons Level 1 (Chrono Boost)  
  47  6:34  Pylon  
  47  6:39  Probe  
  48  6:50  Probe, Pylon  
  49  7:00  Probe, Phoenix x3  
  56  7:11  Probe  
  57  7:18  Fleet Beacon  
  57  7:21  Probe  
  58  7:33  Phoenix  
  58  7:34  Phoenix  
  58  7:36  Phoenix  
  64  7:56  Nexus  
  47  8:20  Carrier  
  47  8:23  Void Ray  
  57  9:05  Assimilator  
  57  9:09  Carrier x2  
  57  9:50  Carrier  
  63  9:53  Graviton Catapult  
  63  10:03  Stargate  
  61  10:29  Probe, Protoss Air Weapons Level 2 (Chrono Boost)  
  62  10:39  Probe  
  63  10:50  Carrier, Probe  
  70  11:00  Probe  
  65  11:11  Probe  
  66  11:21  Probe  
  66  11:23  Carrier x2  
  79  11:32  Probe  
  80  11:56  Carrier  
  80  12:00  Assimilator  
  86  12:15  Carrier  
  92  12:27  Protoss Air Armor Level 1 (Chrono Boost)  
  92  12:36  Nexus  
  92  12:39  Assimilator  
  92  12:49  Carrier x2  
  104  13:00  Assimilator  
  91  14:01  Probe  
  98  14:12  Probe  
  99  14:22  Probe, Forge  
  100  14:33  Probe  
Show
View Real Time Build Order
Export as new Build Order

Metasapien Zerg 

Build Orders: Pool First 

Get SALT Encoding   

  12  0:01  Drone  
  13  0:23  Spawning Pool  
  13  0:26  Drone  
  13  0:33  Extractor  
  13  0:35  Drone  
  13  0:43  Overlord  
  13  0:49  Drone  
  14  1:01  Drone  
  14  1:02  Drone  
  16  1:10  Drone  
  17  1:32  Hatchery  
  16  1:38  Drone x2  
  18  1:46  Metabolic Boost  
  18  1:58  Drone x2  
  20  2:04  Overlord  
  20  2:30  Drone  
  20  2:31  Hatchery  
  20  2:46  Drone  
  21  2:52  Queen  
  21  2:53  Queen  
  25  3:02  Overlord  
  25  3:05  Drone  
  26  3:10  Drone  
  27  3:16  Drone  
  27  3:17  Drone  
  29  3:21  Extractor  
  29  3:23  Drone x2  
  29  3:26  Overlord  
  30  3:36  Drone  
  30  3:38  Extractor  
  30  3:42  Roach Warren  
  30  3:44  Drone  
  31  3:48  Drone x2  
  31  3:50  Drone  
  33  3:58  Drone  
  33  3:59  Drone  
  35  4:06  Lair  
  35  4:09  Queen  
  37  4:11  Drone  
  37  4:15  Drone  
  37  4:16  Drone  
  40  4:37  Drone x2  
  40  4:38  Overlord  
  42  4:39  Overlord  
  42  4:47  Drone x3  
  42  4:48  Drone x3  
  42  4:52  Extractor  
  47  4:55  Zergling x6  
  47  4:56  Roach  
  47  4:57  Roach x2  
  47  4:59  Roach  
  58  5:11  Hydralisk Den  
  57  5:15  Drone x4, Infestation Pit  
  57  5:16  Drone  
  61  5:21  Drone x2  
  61  5:22  Drone  
  61  5:23  Drone x2  
  61  5:24  Drone  
  67  5:31  Roach x2  
  67  5:33  Roach  
  73  5:48  Pneumatized Carapace  
  73  5:49  Burrow  
  73  5:55  Hydralisk  
  73  5:56  Hydralisk  
  73  5:57  Hydralisk  
  73  5:58  Hydralisk  
  63  6:11  Drone x3  
  66  6:17  Spore Crawler  
  65  6:19  Spore Crawler  
  65  6:21  Drone  
  65  6:29  Drone x5  
  65  6:30  Drone x2  
  65  6:31  Queen  
  74  6:33  Overlord  
  74  6:46  Overlord x2  
  74  6:47  Overlord  
  74  6:54  Overlord  
  74  6:55  Overlord  
  74  6:56  Zergling x8  
  74  6:59  Queen  
  80  7:09  Drone x3  
  80  7:14  Queen  
  85  7:17  Drone x3, Hydralisk x2  
  85  7:21  Extractor  
  85  7:22  Spore Crawler  
  90  7:26  Spine Crawler  
  89  7:31  Overseer  
  70  7:56  Drone x13  
  58  8:02  Zergling x6  
  58  8:03  Zergling x6  
  58  8:04  Hydralisk, Zergling x2, Roach x4  
  68  8:31  Roach x3  
  68  8:32  Roach  
  68  8:33  Hydralisk  
  78  8:37  Roach  
  78  8:38  Roach x2  
  79  9:03  Hydralisk x2  
  79  9:04  Roach x2, Hydralisk  
  89  9:14  Hydralisk  
  65  9:37  Hydralisk x2  
  65  9:38  Roach, Hydralisk x3  
  67  9:39  Roach x2  
  69  9:48  Hydralisk x4  
  77  9:57  Hydralisk x2  
  77  9:58  Roach x2  
  63  10:27  Hydralisk  
  63  10:28  Hydralisk x3  
  59  10:39  Hydralisk  
  59  10:42  Roach  
  61  10:54  Hydralisk  
  61  11:01  Queen  
  53  11:14  Zergling x14  
  53  11:15  Zergling x4  
  60  11:31  Spore Crawler  
  58  11:33  Roach, Hydralisk  
  55  11:46  Spine Crawler  
  44  11:50  Spine Crawler  
  44  11:52  Spine Crawler  
  42  11:54  Drone x2, Spore Crawler  
  42  11:57  Spore Crawler  
  37  12:01  Roach  
  37  12:02  Roach x4  
  37  12:04  Roach  
  45  12:12  Hydralisk  
  47  12:16  Drone x13  
  34  12:40  Hydralisk x2  
  36  12:51  Spawning Pool  
  35  13:04  Drone x3  
  38  13:11  Drone x13  
  38  13:29  Hatchery  
  29  14:08  Drone x14  
  29  14:32  Drone x12  
  29  14:35  Extractor  
  28  14:39  Extractor  
  27  14:58  Hatchery  
  26  15:12  Spawning Pool  
  26  15:14  Drone x3  
  28  15:45  Drone x2  
  28  15:49  Overlord  
  30  15:59  Queen  
  32  16:09  Drone x2  
  34  16:13  Queen  
  34  16:14  Drone  
  37  16:22  Drone  
  38  16:27  Extractor  
  38  16:28  Extractor  
  36  16:44  Roach Warren  
  36  16:45  Drone x3  
Tags
 
Add a new tag
Caveats
  • Supply blocks, unpowered buildings, or Contaminate may cause inaccurate times.
  • Supply counts are checked every 10 seconds.